 Dungeon Crawl Stone Soup version 0.29.1-14-g9c671dbff4 (webtiles) character file.

Game seed: 1503367434903646680

142 cowcol the Covered (level 5, -1/47 HPs)
             Began as a Minotaur Fighter on Feb 21, 2023.
             Was an Initiate of Okawaru.
             Slain by an ogre
             ... wielding a +0 giant club
              (12 damage)
             ... on level 5 of the Dungeon.
             The game lasted 00:08:12 (3138 turns).

cowcol the Covered (Minotaur Fighter)               Turns: 3138, Time: 00:08:12

Health: -1/47      AC:  7    Str: 21    XL:     5   Next: 3%
Magic:  4/4        EV:  9    Int:  5    God:    Okawaru [......]
Gold:   160        SH:  4    Dex: 11    Spells: 4/4 levels left

rFire   . . .      SeeInvis .   o - +12 mace of the Rescuing Moth {flame, rPois}
rCold   . . .      Faith    +   c - +0 buckler
rNeg    . . .      Spirit   .   b - +0 scale mail
rPois   +          Reflect  .   (helmet restricted)
rElec   .          Harm     .   l - scarf {+Inv}
rCorr   .          Rampage  .   (no gloves)
Will    .....                   (no boots)
Stlth   ..........              v - amulet of faith
HPRegen 0.15/turn               (no ring)
MPRegen 0.09/turn               (no ring)

@: no status effects
A: horns 2, retaliatory headbutt
a: Renounce Religion, Evoke Invisibility


You were on level 5 of the Dungeon.
You worshipped Okawaru.
Okawaru was noncommittal.
You visited 2 branches of the dungeon, and saw 6 of its levels.

You collected 160 gold pieces.

Inventory:

Hand Weapons
 a - a +0 war axe
 o - the +12 mace of the Rescuing Moth (weapon) {flame, rPois}
   (You found it on level 2 of the Dungeon)

   It burns those it strikes, dealing additional fire damage.
   rPois:     It protects you from poison.
 s - a +2 hand axe of flaming
Armour
 b - a +0 scale mail (worn)
 c - a +0 buckler (worn)
 l - a scarf of invisibility (worn)
Jewellery
 v - an amulet of faith (around neck)
Scrolls
 f - a scroll of poison
 h - 3 scrolls of fear
 i - 3 scrolls of blinking
 k - 2 scrolls of identify
 p - 2 scrolls of teleportation
 u - 2 scrolls of amnesia
 x - a scroll of enchant armour
Potions
 d - 3 potions of might
 e - 3 potions of haste {unknown}
 g - a potion of flight
 j - a potion of brilliance {unknown}
 m - a potion of mutation {unknown}
 n - 3 potions of lignification
 q - 3 potions of curing {unknown}
 r - a potion of degeneration {unknown}
 t - a potion of berserk rage {unknown}


   Skills:
 + Level 4.4 Fighting
 + Level 3.5(4.0) Axes
 * Level 2.4(3.3) Maces & Flails
 + Level 5.0 Armour
 - Level 0.1 Stealth
 - Level 3.8 Shields


You had 4 spell levels left.
You didn't know any spells.
Your spell library contained the following spells:

 Spells                   Type           Power      Damage    Failure   Level
 Apportation              Tloc           0%         N/A       88%         1
 Dispel Undead            Necr           0%         3d6       100%        4
 Alistair's Intoxication  Tmut/Pois      0%         N/A       100%        5
 Spellforged Servitor     Conj/Summ      Unusable   N/A       N/A         7
 Dragon's Call            Summ           Unusable   N/A       N/A         9

Dungeon Overview and Level Annotations

Branches:
Dungeon (5/15)             Temple (1/1) D:5

Altars:
Cheibriados
Dithmenos
Fedhas
Hepliaklqana
Kikubaaqudgha
Okawaru
Qazlal
Trog
Uskayaw
Vehumet
Xom
Yredelemnul
The Shining One

Annotations:
D:5 Grinder


Innate Abilities, Weirdness & Mutations

You have a pair of horns on your head.
You reflexively headbutt those who attack you in melee.


Message History

Level annotation: Grinder
Found a staircase to the Ecumenical Temple and a stone staircase leading down.
There is a stone staircase leading up here.
Found a robe.
An adder comes into view.
The adder hisses angrily.
An ogre comes into view. It is wielding a +0 giant club.
The ogre shouts!
There is a staircase to the Ecumenical Temple here.
You climb downwards.
Welcome to the Ecumenical Temple!
Found three altars.
There is a staircase back to the Dungeon here.
Found an iron altar of Okawaru.
There is a glowing golden altar of the Shining One here.
There is a hide-covered altar of Uskayaw here.
Found a basalt altar of Yredelemnul.
Done exploring.
Done exploring.
There is a hide-covered altar of Uskayaw here.
There is an iron altar of Okawaru here.
You kneel at the altar of Okawaru.
Okawaru welcomes you!
Your amulet flashes!
There is a staircase back to the Dungeon here.
Okay, then.
You can't go down here!
You climb upwards.
Welcome back to the Dungeon!
Level annotation: Grinder The adder barely misses you.
The ogre hits you with a +0 giant club!!
The adder bites you but does no damage.
There is a staircase to the Ecumenical Temple, spattered with blood here.
The adder attacks as you move away! The adder bites you but does no damage.
You block the adder's attack.
Found 5 stones.
The ogre attacks as you move away!
The ogre hits you with a +0 giant club!!
* * * LOW HITPOINT WARNING * * *
The ogre attacks as you move away! The ogre hits you with a +0 giant club!
You die...

......>.. ............
##......#...
###.....5#...##
[............
#.........# ....
###........# .....
#..<.#.#...# (....
##....@O.S.###.....
#....#.#..........
......###.#..........
....###...##.........
...#........#.........
.....##..>..##........
##....#........#......
#.#.##...###........
... #.### ..#......


You could see Grinder, an ogre and an adder.

Vanquished Creatures
  A hound (D:4)
  4 adders
  A worm (D:2)
  A dart slug (D:1)
  An orc (D:4)
  4 ball pythons
  6 bats
  9 endoplasms
  5 giant cockroaches
  5 goblins
  6 hobgoblins
  6 jackals
  6 kobolds
  2 quokkas
  A frilled lizard (D:2)
  3 rats
61 creatures vanquished.

Vanquished Creatures (others)
  5 withered plants (D:3)
5 creatures vanquished.

Grand Total: 66 creatures vanquished

Notes
Turn   | Place    | Note
-------+----------+-------------------------------------------
     0 | D:1      | cowcol the Minotaur Fighter began the quest for the Orb.
     0 | D:1      | Reached XP level 1. HP: 19/19 MP: 0/0
   256 | D:1      | Reached XP level 2. HP: 27/27 MP: 1/1
   326 | D:1      | Reached skill level 4 in Armour
   895 | D:2      | Got Xistewk's Reference Book on Called Diablerie
   940 | D:2      | Identified the +12 mace of the Rescuing Moth {flame, rPois}
   971 | D:2      | Reached XP level 3. HP: 33/33 MP: 2/2
  1313 | D:2      | Reached XP level 4. HP: 34/40 MP: 3/3
  1441 | D:2      | Found a faded altar of an unknown god.
  1743 | D:3      | Found an ancient bone altar of Kikubaaqudgha.
  1746 | D:3      | Found a blossoming altar of Fedhas.
  1824 | D:3      | Reached skill level 1 in Maces & Flails
  2378 | D:4      | Found a radiant altar of Vehumet.
  2379 | D:4      | Found a snail-covered altar of Cheibriados.
  3015 | D:5      | Entered Level 5 of the Dungeon
  3015 | D:5      | Noticed Grinder
  3025 | D:4      | Reached skill level 5 in Armour
  3025 | D:4      | Reached XP level 5. HP: 45/47 MP: 4/4
  3039 | D:5      | Found a staircase to the Ecumenical Temple.
  3047 | D:5      | Noticed an ogre
  3050 | Temple   | Entered the Ecumenical Temple
  3117 | Temple   | Became a worshipper of Warmaster Okawaru
  3138 | D:5      | Slain by an ogre

Illustrated notes

Levels and vault maps discovered:
D:1:      dpeg_arrival_ternary, layout_loops_ring, minmay_misc_feat_plants,
          minmay_misc_feat_cross, minmay_heptomino_o4
D:2:      layout_basic, ebering_ecumenical_altar_webs
D:3:      layout_basic, grunt_temple_overflow_growth_and_decay
D:4:      layout_loops_ring, nicolae_overflow_squiral
D:5:      layout_cave_pools, minmay_temple_entry_slanted, uniq_grinder
Temple:   nicolae_temple_cloud_nine

Skill      XL: |  1  2  3  4 |
---------------+-------------+-----
Fighting       | 4 |  4.4
Armour         | 4 5 |  5.0
Axes           | 3 |  3.5
Maces & Flails | 2 |  2.4
Stealth        | |  0.1
Shields        | |  3.8

Action                   |  1- 3 |  4- 6 || total
-------------------------+-------+-------++-------
Melee: War axe           |    43 |       ||    43
       Headbutt          |     6 |     2 ||     8
       Mace              |    23 |    33 ||    56
Throw: Throwing net      |       |     1 ||     1
  Use: Scroll            |     5 |     4 ||     9
       Potion            |     1 |     1 ||     2
Armor: Scale mail        |    39 |    18 ||    57
Dodge: Dodged            |    38 |    17 ||    55
Block: Buckler           |    15 |     7 ||    22
